 Dungeon Crawl Stone Soup version 0.28.0 (webtiles) character file.

Game seed: 14038320746093865807

18 oldriver the Skirmisher (level 2, -3/20 HPs)
             Began as a Gargoyle Fighter on Feb 7, 2022.
             Slain by a quokka (4 damage)
             ... on level 1 of the Dungeon.
             The game lasted 00:00:29 (430 turns).

oldriver the Skirmisher (Gargoyle Fighter)           Turns: 430, Time: 00:00:30

Health: -3/20      AC:  9    Str: 19    XL:     2   Next: 70%
Magic:  2/2        EV:  9    Int:  8    God:
Gold:   10         SH:  4    Dex:  9    Spells: 1/1 levels left

rFire   . . .      SeeInvis .   a - +0 flail
rCold   . . .      Faith    .   c - +0 buckler
rNeg    + . .      Spirit   .   b - +0 scale mail
rPois   ∞          Reflect  .   (no helmet)
rElec   +          Harm     .   (no cloak)
rCorr   .          Rampage  .   (no gloves)
Will    .....                   (no boots)
Stlth   ..........              (no amulet)
HPRegen 0.06/turn               (no ring)
MPRegen 0.08/turn               (no ring)

@: no status effects
A: sickness immunity, AC +2, negative energy resistance 1, electricity
resistance, torment resistance 1, petrification resistance
a: no special abilities


You were on level 1 of the Dungeon.
You visited 1 branch of the dungeon, and saw 1 of its levels.

You collected 10 gold pieces.

Inventory:

Hand Weapons
 a - a +0 flail (weapon)
Missiles
 f - 36 stones (quivered)
Armour
 b - a +0 scale mail (worn)
 c - a +0 buckler (worn)
Jewellery
 g - an amulet of reflection
Scrolls
 e - a scroll of identify {unknown}
Potions
 d - a potion of might


   Skills:
 + Level 3.8 Fighting
 + Level 2.6 Maces & Flails
 - Level 3.2 Armour
 - Level 3.2 Shields


You had one spell level left.
You didn't know any spells.
Your spell library was empty.

Dungeon Overview and Level Annotations

Branches:
Dungeon (1/15)

Altars:


Innate Abilities, Weirdness & Mutations

You are immune to sickness and miasma.
Your stone body is resilient. (AC +2)
You are immune to poison.
You resist negative energy. (rN+)
You are resistant to electric shocks. (rElec)
You are resistant to unholy torment.
You are immune to petrification.


Message History

Things that are here:
a +0 dagger; a goblin corpse A ball python comes into view.
A ball python is nearby!
A ball python is nearby!
The ball python hisses angrily.
Things that are here:
a +0 dagger; a goblin corpse
Things that are here:
a +0 club; a kobold corpse A ball python is nearby!
A ball python is nearby!
You are too injured to fight recklessly!
You block the ball python's attack. x2
Things that are here:
a +0 club; a kobold corpse You barely miss the ball python.
The ball python bites you. The ball python barely misses you.
The ball python bites you.
* * * LOW HITPOINT WARNING * * *
The ball python closely misses you.
You barely miss the ball python. The ball python closely misses you.
The ball python grabs you. The ball python constricts you.
* * * LOW HITPOINT WARNING * * *
The ball python bites you but does no damage.
The ball python constricts you.
You hit the ball python.
You kill the ball python!
Things that are here:
a +0 dagger; a goblin corpse A quokka comes into view.
A quokka is nearby!
A quokka is nearby!
Things that are here:
a +0 dagger; a goblin corpse
Things that are here:
a +0 club; a kobold corpse You barely miss the quokka.
The quokka bites you.
* * * LOW HITPOINT WARNING * * *
The quokka bites you.
You die...

... ... ## ... .#
############
#.##.###...........
#########
........##########
........# ##.####.########
........# #....#......._.
##[g....#####......########
........#.)r@.####.#
#........##### #.#
#......#....# #.#
#......####.# #.# #.......#
# #.# ##......# #.#
#..##### #.# #.. .. ##


You could see a quokka.

Vanquished Creatures
  An endoplasm (D:1)
  2 giant cockroaches (D:1)
  3 goblins (D:1)
  A hobgoblin (D:1)
  4 jackals (D:1)
  A kobold (D:1)
  A ball python (D:1)
  A frilled lizard (D:1)
  A rat (D:1)
15 creatures vanquished.

Notes
Turn   | Place    | Note
-------+----------+-------------------------------------------
     0 | D:1      | oldriver the Gargoyle Fighter began the quest for the Orb.
     0 | D:1      | Reached XP level 1. HP: 14/14 MP: 1/1
   195 | D:1      | Reached XP level 2. HP: 16/19 MP: 2/2
   370 | D:1      | Found a faded altar of an unknown god.
   430 | D:1      | HP: 1/20 [quokka (4)]
   430 | D:1      | Slain by a quokka

Illustrated notes

Levels and vault maps discovered:
D:1:      minmay_arrival_open_corners, layout_rooms, basic_ecumenical_altar,
          minmay_indecisive_spiral

Action                   || total
-------------------------++-------
Melee: Flail             ||    42
Armor: Scale mail        ||    36
Dodge: Dodged            ||    32
Block: Buckler           ||    10
